 Dungeon Crawl Stone Soup version 0.23.2-40-g277498a001 (webtiles) character file.

Game seed: 11127138175964498388

60 AsdQwe the Conjurer (level 3, -2/26 HPs)
             Began as a Draconian Conjurer on Sept 6, 2019.
             Killed from afar by an orc wizard (6 damage)
             ... with a puff of frost
             ... on level 4 of the Dungeon.
             The game lasted 00:11:43 (2833 turns).

AsdQwe the Conjurer (Draconian Conjurer)            Turns: 2833, Time: 00:11:43

Health: -2/26      AC:  5    Str: 11    XL:     3   Next: 80%
Magic:  6/6        EV: 12    Int: 15    God:
Gold:   87         SH:  0    Dex: 11    Spells: 5/6 levels left

rFire    . . .     SeeInvis .   o - +0 spear
rCold    . . .     Gourm    .   (no shield)
rNeg     . . .     Faith    .   (armour unavailable)
rPois    .         Spirit   .   (helmet restricted)
rElec    .         Reflect  .   (no cloak)
rCorr    .         Harm     .   (no gloves)
MR       .....                  (no boots)
Stlth    ++........             (no amulet)
HPRegen  0.08/turn              (no ring)
MPRegen  0.10/turn              (no ring)

@: no status effects
A: unfitting armour, cold-blooded, AC +5
a: no special abilities


You were on level 4 of the Dungeon.
You were not hungry.

You visited 1 branch of the dungeon, and saw 4 of its levels.

You collected 87 gold pieces.

Inventory:

Hand Weapons
 d - a +0 club
 e - a +0 club
 o - a +0 spear (weapon)
 u - a +1 dagger of draining
Missiles
 f - 105 stones (quivered)
Armour
 r - a +0 ring mail
Jewellery
 a - an uncursed ring of resist corrosion {unknown}
 s - an uncursed ring of see invisible {unknown}
Scrolls
 g - a scroll of random uselessness {unknown}
 h - a scroll of enchant weapon {unknown}
 j - a scroll of enchant armour {unknown}
 k - 2 scrolls of magic mapping {unknown}
 l - a scroll of identify {unknown}
 m - a scroll of fear {unknown}
 p - a scroll of immolation {unknown}
 t - 2 scrolls of remove curse {unknown}
 w - a scroll of teleportation {unknown}
Potions
 c - a potion of haste {unknown}
 i - a potion of lignification {unknown}
 n - a potion of might {unknown}
 q - 2 potions of curing {unknown}
 v - 2 potions of heal wounds {unknown}
Comestibles
 b - 3 rations


   Skills:
 + Level 0.2 Fighting
 + Level 0.5 Maces & Flails
 + Level 0.4 Polearms
 + Level 2.1 Dodging
 + Level 2.1 Stealth
 + Level 1.2 Unarmed Combat
 + Level 2.1 Spellcasting
 + Level 4.5 Conjurations


You had 5 spell levels left.
You knew the following spells:

 Your Spells              Type           Power        Failure   Level  Hunger
a - Magic Dart            Conj           ###.         3%          1    #......

Your spell library contained the following spells:

 Spells                   Type           Power        Failure   Level  Hunger
 Searing Ray              Conj           ###...       4%          2    ###....
 Dazzling Spray           Conj/Hex       #.....       26%         3    ###....
 Iskenderun's Mystic Bla  Conj           ###.....     32%         4    #####..
 Force Lance              Conj/Tloc      #.......     65%         4    #####..
 Fulminant Prism          Conj/Hex       #.........   65%         4    #####..


Dungeon Overview and Level Annotations

Branches:
Dungeon (4/15)
 Temple: D:4-7

Altars:
Hepliaklqana


Innate Abilities, Weirdness & Mutations

Your plain brown scales are hard. (AC +5)
You cannot fit into any form of body armour.
You are cold-blooded and may be slowed by cold attacks.


Message History

The orc wizard is moderately wounded.
The worker ant completely misses you.
The orc wizard hits you but does no damage.
You barely miss the orc wizard.
The orc wizard is moderately wounded.
The worker ant bites you.
* * * LOW HITPOINT WARNING * * *
The orc wizard hits you but does no damage.
You hit the orc wizard.
You tail-slap the orc wizard, but do no damage.
The orc wizard is moderately wounded.
The worker ant bites you.
* * * LOW HITPOINT WARNING * * *
The orc wizard barely misses you.
You closely miss the orc wizard.
The orc wizard is moderately wounded.
The worker ant completely misses you.
The orc wizard gestures at you while chanting.
The puff of frost hits you.
You die...

## #. #. #$
#. #.## #.a#
#@#
#####o####...
#....o.......
#..<......(..
#......$.....
#..........>.
#............
#............
#............


You could see a worker ant, an orc wizard and an orc.

Vanquished Creatures
  2 adders (D:2)
  An ooze (D:1)
  3 dart slugs
  A leopard gecko (D:1)
  An orc (D:4)
  5 bats
  A giant cockroach (D:1)
  4 goblins (D:1)
  5 hobgoblins
  3 kobolds
  2 rats (D:1)
28 creatures vanquished.

Notes
Turn   | Place    | Note
-------+----------+-------------------------------------------
     0 | D:1      | AsdQwe the Draconian Conjurer began the quest for the Orb.
     0 | D:1      | Reached XP level 1. HP: 14/14 MP: 3/3
   733 | D:1      | Reached XP level 2. HP: 9/20 MP: 5/5
  1936 | D:1      | Reached XP level 3. HP: 22/26 MP: 6/6
  2042 | D:2      | Reached skill level 1 in Unarmed Combat
  2318 | D:2      | Found a hazy altar of Hepliaklqana.
  2833 | D:4      | Killed from afar by an orc wizard

Skill      XL: |  1  2  3 |
---------------+----------+-----
Stealth        | 2 |  2.1
Dodging        | 2 |  2.1
Unarmed Combat | 1 |  1.2
Fighting       | |  0.2
Maces & Flails | |  0.5
Polearms       | |  0.4
Spellcasting   | |  2.1
Conjurations   | |  4.5

Action                   || total
-------------------------++-------
Melee: Unarmed           ||    23
       Club              ||    56
       Tailslap          ||    18
       Spear             ||    69
Throw: Stone             ||    10
  Eat: Ration            ||     2
Armor: Skin              ||    44
Dodge: Dodged            ||   118
